 Dungeon Crawl Stone Soup version 0.18.1-50-g88ac8fd (webtiles) character file.

3028 sleepydude the Skirmisher (level 9, -1/71 HPs)
             Began as a Demonspawn Fighter on Oct 9, 2016.
             Was a Follower of Yredelemnul.
             Succumbed to a green ugly thing's poison
             ... on level 6 of the Dungeon.
             The game lasted 00:29:00 (7523 turns).

sleepydude the Skirmisher (Demonspawn Fighter)      Turns: 7523, Time: 00:29:01

Health: -1/71      AC: 15    Str: 19    XL:     9   Next: 55%
Magic:  12/12      EV: 13    Int: 15    God:    Yredelemnul [*.....]
Gold:   555        SH: 11    Dex: 18    Spells: 0 memorised, 8 levels left

rFire  . . .     SeeInvis .     a - +0 long sword
rCold  . . .     Gourm    .     D - +0 chain mail
rNeg   . . .     Faith    .     c - +0 shield
rPois  .         Spirit   .     m - +0 helmet
rElec  .         Dismiss  .     d - +0 cloak
rCorr  .         Reflect  .     p - +0 pair of gloves
SustAt .         Harm     .     (no boots)
MR     .....     Rnd*Tele +     (no amulet)
Stlth  ..........               (no ring)
                                e - ring of flight

@: brilliant, agile, lethally poisoned (-1 -> -62), not resistant to hostile
enchantments, extremely unstealthy
A: claws 2, thin metallic scales 1, demonic guardian 1, teleportitis 1, rot
immunity
a: Animate Remains, Renounce Religion, Evoke Flight


You were on level 6 of the Dungeon.
You worshipped Yredelemnul.
Yredelemnul was aware of your devotion.
You were near starving.

You visited 2 branches of the dungeon, and saw 8 of its levels.

You collected 555 gold pieces.

Inventory:

Hand Weapons
 a - a +0 long sword (weapon)
Armour
 c - a +0 shield (worn)
 d - a +0 cloak (worn)
 m - a +0 helmet (worn)
 p - a +0 pair of gloves (worn)
 D - a +0 chain mail (worn)
Jewellery
 e - a ring of flight (left hand)
Wands
 h - a wand of iceblast (6/15)
 i - a wand of paralysis (10/24)
 y - a wand of iceblast (5/15)
Scrolls
 k - 3 scrolls of remove curse
 n - 2 scrolls of teleportation
 o - a scroll of enchant weapon {unknown}
 q - 2 scrolls of blinking {unknown}
 s - 2 scrolls of enchant armour {unknown}
 t - a scroll of magic mapping {unknown}
 v - a scroll of fog
 z - 2 scrolls of immolation {unknown}
 A - a scroll of recharging {unknown}
 B - a scroll of identify
 C - a scroll of random uselessness {unknown}
Potions
 w - a potion of flight {unknown}
 x - 2 potions of degeneration {unknown}
Comestibles
 b - a royal jelly
 f - 10 bread rations
 g - 3 meat rations
 j - 8 fruits


   Skills:
 + Level 6.5 Fighting
 + Level 5.5 Long Blades
 + Level 5.6 Armour
 + Level 4.9 Dodging
 + Level 6.1 Shields
 + Level 4.4 Invocations


You had 8 spell levels left.
You didn't know any spells.

Dungeon Overview and Level Annotations

Branches:
Dungeon (7/15)             Temple (1/1) D:5

Altars:
Ashenzari
Cheibriados
Dithmenos
Elyvilon
Gozag
Makhleb
Nemelex Xobeh
Okawaru
Pakellas
Ru
Trog
Vehumet
Xom
Yredelemnul
Zin

Shops:
D:6 *


Innate Abilities, Weirdness & Mutations

You have very sharp fingernails.
You are partially covered in thin metallic scales (AC +2).
A weak demonic guardian rushes to your aid.
You are immune to rotting.
You are occasionally teleported next to monsters.


Message History

The green ugly thing gores you.
* * * LOW HITPOINT WARNING * * *
You are lethally poisoned!
The green ugly thing poisons you!
Drink which item? (? for menu, Esc to quit)
It was a potion of agility.
You feel agile all of a sudden.
* * * LOW HITPOINT WARNING * * *
You feel very sick. The green ugly thing gores you!
* * * LOW HITPOINT WARNING * * *
You are more poisoned.
The green ugly thing poisons you!
You are too injured to fight recklessly!
You are too injured to fight recklessly!
You slash the green ugly thing!
You kill the green ugly thing!
Yredelemnul accepts your kill.
You die...
Your body rises from the dead as a mindless zombie.

.###.#.##.###.######..###.##
.....#.#..# #.# #..# #.#
.......#.####.# #..# #.#
.###........#.# #..# #.## ##
#.###.##.#.# #..# #..#
#.###.##.#.######>.# ##.#
#.##.†.#...##......# #.# #
#...........#.###.## #># #
####...##..#.@# #.#####.# #
##.##...##.###.......# #
#.......#..########.# #
####....#.#########.# ##
#..................# .#
#.##.#.###########.# .###
#.##)### #.# .).# #.##.# #.#
.#.######.##.# #.#


There were no monsters in sight!

Vanquished Creatures
  An ugly thing (D:6)
  The ghost of JacktheKnight the Twirler, a novice VSGl of Okawaru (D:7)
  A hippogriff (D:7)
  A sky beast (D:5)
  2 orc warriors (D:6)
  An ogre (D:4)
  2 centaurs (D:6)
  A giant frog (D:6)
  A water moccasin skeleton (D:6)
  3 scorpions
  2 killer bees
  2 vampire bats (D:6)
  2 crimson imps (D:5)
  A centaur zombie (D:5)
  Crazy Yiuf (D:2)
  2 orc priests
  A hound (D:6)
  10 orc wizards
  A giant frog skeleton (D:6)
  2 iguanas
  3 worker ants
  A worker ant zombie (D:5)
  Robin (D:2)
  5 adders
  2 oozes
  2 adder skeletons (D:4)
  A worm (D:5)
  4 dart slugs
  4 giant geckos
  15 orcs
  14 bats
  4 giant cockroaches
  16 goblins
  10 hobgoblins
  17 jackals
  3 quokkas
  4 giant newts
  A jackal skeleton (D:5)
  7 kobolds
  8 rats
160 creatures vanquished.

Vanquished Creatures (collateral kills)
  2 hungry ghosts (D:7)
  A scorpion (D:5)
  4 killer bees
  An orc wizard (D:4)
  An orc priest (D:4)
  An iguana (D:4)
  Ijyb (D:2)
  2 worker ants
  An adder (D:4)
  A worm (D:2)
  A dart slug (D:4)
  3 orcs
  A giant cockroach (D:4)
  2 jackals
  A bat (D:2)
23 creatures vanquished.

Vanquished Creatures (others)
  A hippogriff (D:4)
  A goblin (D:2)
2 creatures vanquished.

Grand Total: 185 creatures vanquished

Notes
Turn   | Place    | Note
--------------------------------------------------------------
     0 | D:1      | sleepydude the Demonspawn Fighter began the quest for the Orb.
     0 | D:1      | Reached XP level 1. HP: 18/18 MP: 1/1
   126 | D:1      | Gained mutation: A weak demonic guardian rushes to your aid. [demonic ancestry]
   126 | D:1      | Reached XP level 2. HP: 24/24 MP: 2/2
   350 | D:1      | Reached XP level 3. HP: 29/29 MP: 3/3
   812 | D:2      | Found a faded altar to an unknown god.
   812 | D:2      | Noticed Ijyb
   820 | D:2      | Killed Ijyb
   868 | D:2      | Noticed Robin
   880 | D:2      | Killed Robin
   880 | D:2      | Gained mutation: You are immune to rotting. [demonic ancestry]
   880 | D:2      | Reached XP level 4. HP: 27/35 MP: 4/4
  1156 | D:2      | Reached skill level 1 in Dodging
  1311 | D:2      | Noticed Crazy Yiuf
  1332 | D:2      | Killed Crazy Yiuf
  1732 | D:3      | Gained mutation: You have sharp fingernails. [demonic ancestry]
  1732 | D:3      | Reached XP level 5. HP: 33/42 MP: 5/5
  2158 | D:3      | Found a bloodstained altar of Trog.
  2359 | D:3      | Found a white marble altar of Elyvilon.
  2504 | D:4      | Noticed an ogre
  2519 | D:4      | Killed an ogre
  2887 | D:4      | Gained mutation: You are partially covered in thin metallic scales (AC +2). [demonic ancestry]
  2887 | D:4      | Reached XP level 6. HP: 42/48 MP: 6/6
  3007 | D:4      | Got a pair of heavily runed gloves
  3023 | D:4      | Identified the -6 pair of gloves of Zais Eqi {*Contam rElec Dex+8} (You found it on level 4 of the Dungeon)
  3055 | D:4      | Gained mutation: You are occasionally teleported next to monsters. [mutagenic glow]
  3287 | D:4      | Found an oddly glowing altar of Pakellas.
  3287 | D:4      | Noticed an orange crystal statue
  3288 | D:4      | Noticed a hippogriff
  3304 | D:4      | Killed a hippogriff
  3564 | D:4      | Reached XP level 7. HP: 44/55 MP: 7/7
  3623 | D:5      | Entered Level 5 of the Dungeon
  3908 | D:5      | Found a sacrificial altar of Ru.
  4243 | D:5      | Found an iron altar of Okawaru.
  4254 | D:5      | Found a sacrificial altar of Ru.
  4295 | D:5      | Found a staircase to the Ecumenical Temple.
  4427 | Temple   | Entered the Ecumenical Temple
  4540 | Temple   | Became a worshipper of Yredelemnul the Dark
  4814 | D:6      | Reached skill level 5 in Fighting
  5150 | D:6      | Gained mutation: You have very sharp fingernails. [demonic ancestry]
  5150 | D:6      | Reached XP level 8. HP: 62/62 MP: 8/8
  5278 | D:6      | Reached skill level 5 in Shields
  5337 | D:6      | Found Zin's Purification Station.
  5338 | D:6      | Found a glowing silver altar of Zin.
  5444 | D:6      | Reached * piety under Yredelemnul
  5637 | D:6      | Found a radiant altar of Vehumet.
  5790 | D:6      | Reached skill level 5 in Armour
  5790 | D:6      | Reached skill level 1 in Invocations
  6054 | D:7      | Found a shadowy altar of Dithmenos.
  6270 | D:7      | Noticed JacktheKnight's ghost (novice VSGl)
  6314 | D:7      | Killed JacktheKnight's ghost
  6314 | D:7      | Reached skill level 5 in Long Blades
  6314 | D:7      | Reached XP level 9. HP: 40/69 MP: 9/11
  7398 | D:7      | Noticed a green ugly thing
  7523 | D:6      | Killed a green ugly thing
  7523 | D:6      | Succumbed to a green ugly thing's poison

Skill      XL: |  1  2  3  4  5  6  7  8  9 |
---------------+----------------------------+-----
Long Blades    | 2 3 4 5 |  5.5
Shields        | 3 4 5 6 |  6.1
Armour         | 3 4 5 |  5.6
Dodging        | 1 2 3 4 |  4.9
Fighting       | 4 5 6 |  6.5
Invocations    | 3 4 |  4.4

Action                   |  1- 3 |  4- 6 |  7- 9 || total
-------------------------+-------+-------+-------++-------
Melee: Long sword        |    81 |   279 |   553 ||   913
Evoke: Wand              |     2 |       |     1 ||     3
  Use: Scroll            |     5 |       |     1 ||     6
       Potion            |       |     2 |     9 ||    11
 Stab: Invisible         |       |     1 |       ||     1
       Paralysed         |       |       |     2 ||     2
       Distracted        |       |       |     2 ||     2
  Eat: Chunk             |       |     7 |     7 ||    14
       Royal jelly       |       |     1 |     1 ||     2
       Beef jerky        |       |       |     1 ||     1
       Pizza             |       |       |     3 ||     3
       Fruit             |       |       |     1 ||     1
Armor: Scale mail        |    42 |   140 |   155 ||   337
       Chain mail        |       |       |   171 ||   171
Dodge: Dodged            |    22 |   118 |   191 ||   331
Block: Shield            |    45 |   147 |   347 ||   539
